 Dungeon Crawl Stone Soup version 0.20.0-8-g6b59dc7 (webtiles) character file.

523 Firecrotchwizard the Spear-Bearer (level 7, 0/50 HPs)
             Began as a Merfolk Gladiator on June 1, 2017.
             Slain by an orc warrior
             ... wielding a cursed +0 halberd
              (14 damage)
             ... on level 6 of the Dungeon.
             The game lasted 00:09:29 (4810 turns).

Firecrotchwizard the Spear-Bearer (MfGl)            Turns: 4810, Time: 00:09:30

Health: 0/50       AC:  7    Str: 15    XL:     7   Next: 22%
Magic:  0/16       EV: 12    Int:  9    God:
Gold:   241        SH:  0    Dex: 15    Spells: 6/6 levels left

rFire    . . .     SeeInvis .   a - +0 trident
rCold    . . .     Gourm    .   (no shield)
rNeg     . . .     Faith    .   q - +0 ring mail
rPois    .         Spirit   +   v - +1 helmet
rElec    .         Reflect  .   (no cloak)
rCorr    .         Harm     .   (no gloves)
MR       .....                  (no boots)
Stlth    ++........             w - amulet of guardian spirit {Spirit}
Regen    0.2/turn               k - ring of stealth {Stlth+}
MPRegen  0.2/turn               y - ring of magical power {MP+9}

@: no status effects
A: change form in water, swift swim, stealthy swim
a: no special abilities


You were on level 6 of the Dungeon.
You were hungry.

You visited 1 branch of the dungeon, and saw 6 of its levels.

You collected 241 gold pieces.

Inventory:

Hand Weapons
 a - a +0 trident (weapon)
 z - a +0 halberd
   (You took it off a gnoll on level 4 of the Dungeon)
 G - the +6 war axe of Lustouk {chop, rElec rN++ Str+2 Dex+2, unknown}
   (You found it on level 5 of the Dungeon)

   It inflicts extra damage upon your enemies.
   It affects your strength (+2).
   It affects your dexterity (+2).
   It insulates you from electricity.
   It greatly protects you from negative energy.
Missiles
 d - 3 throwing nets {=f, !d}
Armour
 q - a +0 ring mail (worn)
   (You found it on level 2 of the Dungeon)
 v - a +1 helmet (worn)
   (You found it on level 3 of the Dungeon)
Magical Staves
 c - an uncursed staff of air {unknown}
   (You found it on level 6 of the Dungeon)
Jewellery
 k - a ring of stealth (left hand) {Stlth+}
   (You found it on level 1 of the Dungeon)
 w - an amulet of guardian spirit (around neck) {Spirit}
   (You found it on level 3 of the Dungeon)
 y - a ring of magical power (right hand) {MP+9}
   (You found it on level 4 of the Dungeon)
Wands
 b - a wand of random effects (33/48)
   (You found it on level 6 of the Dungeon)
Scrolls
 e - 5 scrolls of remove curse {unknown}
 i - a scroll of magic mapping {unknown}
 m - a scroll of blinking {unknown}
 n - 4 scrolls of identify {unknown}
 p - 4 scrolls of enchant weapon {unknown}
 t - a scroll of noise {unknown}
 x - 2 scrolls of immolation {unknown}
 A - a scroll of random uselessness {unknown}
 E - a scroll of fear
 F - a scroll of recharging {unknown}
Potions
 g - a potion of agility {unknown}
 j - 2 potions of heal wounds {unknown}
 o - a potion of flight {unknown}
 s - 2 potions of lignification {unknown}
 u - a potion of curing {unknown}
Comestibles
 f - 5 bread rations {@e1}
 h - 4 meat rations {@e2}
 r - a royal jelly


   Skills:
 - Level 2.1 Fighting
 + Level 11.3 Polearms
 - Level 2.0 Throwing
 - Level 4.0 Dodging


You had 6 spell levels left.
You didn't know any spells.

Dungeon Overview and Level Annotations

Branches:
Dungeon (6/15)
 Temple: D:4-7

Altars:

Annotations:
D:2 exclusion: Terence, Terence
D:4 dialectric's ghost, amateur DsAK


Message History

Drop what? 34/52 slots (_ for help) (? for menu, Esc to quit)
You drop a +0 leather armour.
You drop a +0 helmet.
You drop a runed mace.
You drop a glowing robe.
You drop a hand axe of flaming.
You drop a glowing long sword.
Found a stone staircase leading up.
There is an open door here.
H - 2 tomahawks (gained 1)
There is an open door here.
Items here: ))) [[[ a glowing long sword; a hand axe of flaming; a glowing robe; a runed mace a +0 helmet; a +0 leather armour
There is an open door here.
There is an open door here.
You see here a hand axe.
You open the door.
There is an open door here.
Done exploring.
Done exploring.
(D) Dungeon
Where to? (Enter - D:4 @ (x,y), ? - help)
There is an open door here.
There is a stone staircase leading down here.
You climb downwards.
You hear the hiss of flowing sand.
There is an entrance to an ossuary on this level.
Hurry and find it before the portal is buried!
There is a stone staircase leading up here.
As you read the scroll labeled BUNUCKIGAL, it crumbles to dust.
You assume a fearsome visage.
Nothing appears to happen.
It was a scroll of fear.
You are feeling hungry.
You may need something to eat soon, looking for food.
Can't find anything matching that.
Sorry, you're not good enough to have a special ability.
Found a stone staircase leading up.
b - a wand of random effects (?/48)
c - a twisted smoking staff An orc comes into view.
Aim: an orc (resting)
You throw a tomahawk. The tomahawk hits the orc.
The orc shouts!
An orc warrior and an orc priest come into view.
Aim: an orc (almost dead)
You throw a tomahawk. The tomahawk closely misses the orc.
The tomahawk hits the orc warrior but does no damage.
A jackal skeleton comes into view.
Sorry, you're not good enough to have a special ability.
An orc wizard comes into view. It is wielding a dagger.
The orc wizard shouts!
You hit the orc priest. The orc priest closely misses you.
You barely miss the orc priest.
The orc warrior hits you from afar with a halberd!
The orc priest mumbles some strange prayers to Beogh against you.
Pain shoots through your body!
You take 16 damage, and have 34/50 hp.
MASSIVE DAMAGE!!
You now have 10/16 mp.
You puncture the orc priest! You hit the orc priest.
You kill the orc priest!
The orc warrior barely misses you.
Attack whom?
Aim: an orc warrior, wielding a halberd and wearing a plate armour You reach to attack!
You hit the orc warrior but do no damage.
Attack whom?
Aim: an orc warrior, wielding a halberd and wearing a plate armour You reach to attack!
You hit the orc warrior but do no damage.
The orc warrior hits you from afar with a halberd!
You take 9 damage, and have 25/50 hp.
You now have 7/16 mp.
You are too injured to fight recklessly!
You are too injured to fight recklessly!
You are too injured to fight recklessly!
Attack whom?
Aim: an orc warrior, wielding a halberd and wearing a plate armour You reach to attack!
You barely miss the orc warrior.
The orc warrior hits you from afar with a halberd!
* * * LOW HITPOINT WARNING * * *
You take 11 damage, and have 14/50 hp.
MASSIVE DAMAGE!!
You now have 4/16 mp.
Attack whom?
Aim: an orc warrior, wielding a halberd and wearing a plate armour You reach to attack!
You closely miss the orc warrior.
Attack whom?
Aim: an orc warrior, wielding a halberd and wearing a plate armour You reach to attack!
You hit the orc warrior but do no damage.
The orc warrior barely misses you.
Attack whom?
Aim: an orc warrior, wielding a halberd and wearing a plate armour You reach to attack!
You barely miss the orc warrior.
Attack whom?
Aim: an orc warrior, wielding a halberd and wearing a plate armour You reach to attack!
You hit the orc warrior.
The orc warrior hits you from afar with a halberd!!
You die...

.####.<##.##.#.####
#..##.##....#######.
#..##...............
#..##..#.....######.
#..##..#.#.#.#####
#..##..#..........
#..##..###..######
#..##.o###.[#####
...(oo)@........
.##(Z###..###### #
#..# .(... ...###
#.## #.# .#


You could see an orc warrior, an orc wizard, an orc and a jackal skeleton.

Vanquished Creatures
  An ogre (D:5)
  A crimson imp (D:5)
  A hound (D:3)
  An orc priest (D:6)
  A centaur skeleton (D:5)
  A jelly (D:5)
  2 iguanas
  2 worker ants
  A hound skeleton (D:5)
  3 gnolls (D:4)
  5 adders
  2 shadow imps (D:5)
  2 adder skeletons (D:4)
  A worm (D:3)
  A dart slug (D:2)
  A leopard gecko (D:3)
  6 orcs (D:3)
  2 ball pythons
  7 goblins
  4 hobgoblins
  10 jackals
  6 kobolds
  A quokka (D:2)
  9 bats
  3 frilled lizards
  7 rats
81 creatures vanquished.

Notes
Turn   | Place    | Note
-------+----------+-------------------------------------------
     0 | D:1      | Firecrotchwizard the Merfolk Gladiator began the quest for the Orb.
     0 | D:1      | Reached XP level 1. HP: 16/16 MP: 1/1
   225 | D:1      | Reached skill level 5 in Polearms
   292 | D:1      | Reached XP level 2. HP: 22/22 MP: 2/2
   860 | D:2      | Noticed Terence
  1046 | D:2      | Reached XP level 3. HP: 10/27 MP: 3/3
  1048 | D:2      | Reached skill level 6 in Polearms
  1998 | D:3      | Reached XP level 4. HP: 23/33 MP: 4/4
  2106 | D:3      | Reached skill level 7 in Polearms
  2765 | D:3      | Reached skill level 8 in Polearms
  2765 | D:3      | Reached XP level 5. HP: 27/38 MP: 3/5
  3521 | D:4      | Reached skill level 9 in Polearms
  3698 | D:4      | Reached XP level 6. HP: 44/44 MP: 6/6
  3972 | D:4      | Noticed dialectric's ghost (amateur DsAK)
  4086 | D:5      | Entered Level 5 of the Dungeon
  4164 | D:5      | Reached skill level 10 in Polearms
  4283 | D:5      | Reached XP level 7. HP: 50/50 MP: 7/7
  4514 | D:5      | Got an encrusted war axe
  4530 | D:5      | Reached skill level 11 in Polearms
  4810 | D:6      | Slain by an orc warrior

Skill      XL: |  1  2  3  4  5  6  7 |
---------------+----------------------+-----
Polearms       | 5 6 8 9 10 11 | 11.3
Fighting       | |  2.1
Throwing       | |  2.0
Dodging        | |  4.0

Action                   |  1- 3 |  4- 6 |  7- 9 || total
-------------------------+-------+-------+-------++-------
Melee: Trident           |   143 |   164 |    27 ||   334
Throw: Tomahawk          |       |    17 |     7 ||    24
  Use: Scroll            |       |       |     1 ||     1
 Stab: Sleeping          |     3 |     4 |     1 ||     8
       Distracted        |     1 |       |       ||     1
  Eat: Chunk             |     3 |     7 |     1 ||    11
       Fruit             |       |     1 |       ||     1
Armor: Leather armour    |    26 |       |       ||    26
       Ring mail         |    10 |    37 |     3 ||    50
Dodge: Dodged            |   115 |    67 |     7 ||   189

Vault maps used:
D:1:      dpeg_arrival_ternary, minmay_split_cup_small
D:2:      first_bread, uniq_terence
D:4:      uniq_pikel
D:6:      enter_ossuary_2, dk_noncrumbling_4, kennysheep_diamond, fedhas_altar_2

Table legend:
 A = Turns spent in this place as a percentage of turns spent in the entire game.
 B = Non-inter-level travel turns spent in this place as a percentage of non-inter-level travel turns spent in the entire game.
 C = Inter-level travel turns spent in this place as a percentage of turns spent in this place.
 D = Turns resting spent in this place as a percentage of non-inter-level travel turns spent in this place.
 E = Turns spent auto-exploring this place as a percentage of non-inter-level travel turns spent in this place.
 F = Non-inter-level travel turns spent in this place divided by the number of levels of this place that you've seen.
                   A       B       C       D       E      F
               +-------+-------+-------+-------+-------+----------------------
         Total | 100.0 | 100.0 |   1.2 |   2.9 |  12.5 | 170.5
       Dungeon | 100.0 | 100.0 |   1.2 |   2.9 |  12.5 | 170.5
               +-------+-------+-------+-------+-------+----------------------

Table legend:
 A = Kills in this place as a percentage of kills in entire the game.
 B = Kills by you in this place as a percentage of kills by you in the entire game.
 C = Kills by friends in this place as a percentage of kills by friends in the entire game.
 D = Other kills in this place as a percentage of other kills in the entire game.
 E = Experience gained in this place as a percentage of experience gained in the entire game.
 F = Experience gained in this place divided by the number of levels of this place that you have seen.
                   A       B       C       D       E      F
               +-------+-------+-------+-------+-------+----------------------
         Total | 100.0 | 100.0 |  -nan |  -nan | 100.0 | 124.7
       Dungeon | 100.0 | 100.0 |  -nan |  -nan | 100.0 | 124.7
               +-------+-------+-------+-------+-------+----------------------
